 Dungeon Crawl Stone Soup version 0.13.2 (webtiles) character file.

71 Morbidden the Charmwright (level 2, 0/23 HPs)
             Began as a Draconian Skald on Aug 7, 2020.
             Slain by a hobgoblin
             ... wielding a +2,+2 short sword
              (6 damage)
             ... on Level 1 of the Dungeon.
             The game lasted 00:02:17 (777 turns).

Morbidden the Charmwright (Draconian Skald)          Turns: 777, Time: 00:02:17

HP   0/23        AC  4     Str 14      XL: 2   Next: 65%
MP   4/5         EV 12     Int 12      God:
Gold 50          SH  0     Dex 10      Spells:  1 memorised,  4 levels left

Res.Fire  : . . .   See Invis. : .   a - +0 spear {=f}
Res.Cold  : . . .   Warding    : .   (armour unavailable)
Life Prot.: . . .   Conserve   : .   (no shield)
Res.Poison: .       Res.Corr.  : .   (helmet restricted)
Res.Elec. : .       Clarity    : .   (no cloak)
Sust.Abil.: . .     Spirit.Shd : .   (no gloves)
Res.Mut.  : .       Stasis     : .   (no boots)
Res.Rott. : .       Flight     : .   (no amulet)
Saprovore : . . .                    (no ring)
                                     (no ring)

@: not resistant to hostile enchantments, unstealthy
A: unfitting armour, AC +4
a: no special abilities


You were on level 1 of the Dungeon.
You were not hungry.

You visited 1 branch of the dungeon, and saw 1 of its levels.

You collected 30 gold pieces.

Inventory:

Hand weapons
 a - a +0,+0 spear (weapon) {=f}
Missiles
 h - 8 javelins
 i - 34 darts (quivered)
 n - 2 darts of frost
Comestibles
 d - 2 bread rations
Scrolls
 b - a scroll of fear {unknown}
 g - a scroll of teleportation {unknown}
 j - 2 scrolls of remove curse {unknown}
 k - a scroll of amnesia {unknown}
 o - a scroll of noise {unknown}
Potions
 e - a potion of magic {unknown}
 f - a potion of restore abilities {unknown}
 l - 3 potions of curing {unknown}
 m - a potion of brilliance {unknown}
 p - a potion of cure mutation {unknown}
 q - a potion of degeneration {unknown}
Books
 c - a book of Battle

   Spells                             Type                      Level
   *Infusion                          Charms                       1
   Shroud of Golubria                 Charms/Translocation         2
   Song of Slaying                    Charms                       2
   Spectral Weapon                    Hexes/Charms                 3
   Regeneration                       Charms/Necromancy            3
   Song of Shielding                  Charms                       4


   Skills:
 * Level 2.1 Fighting
 + Level 2.2 Polearms
 * Level 2.0 Dodging
 * Level 2.1 Spellcasting
 + Level 3.0 Charms


You had 4 spell levels left.
You knew the following spells:

 Your Spells              Type           Power        Failure   Level  Hunger
a - Infusion              Chrm           #.....       10%         1    ##.....


Dungeon Overview and Level Annotations

Branches:
Dungeon (1/27)

Altars:


Message History

You see here a giant gecko skeleton.
You see here a rotting rat corpse.
You see here a robe.
You see here a club.
Things that are here:
an orcish club; a rotting kobold corpse You see here a dart.
You see here a dart.
You see here a dart.
You see here a dart.
You see here a dart.
You see here a dart.
You see here a bat skeleton.
Casting: Infusion
Confirm with . or Enter, or press ? or * to list all spells.
Your attacks are magically infused.
You barely miss the hobgoblin.
The hobgoblin is moderately wounded.
The hobgoblin hits you with a short sword.
You die...

.#######'#######......##.# #.. .#
#.# ###.##.##.# #.. .# #'####
#.##.##.# #.. ## #.[..# #.##....#
### # ####.######.##....# #..
####### #......#.##....# #..
.##...# #......#)##.##.# #..
......#####........##.##)########
................@g..%.....((((((.
#######...#...##...##.##.####...#
........[.....#######.##.# #...#
..............# #...#.# #####
.##...#######.# #...#.########
.##...# #.#### #.............
####### #....# #####.########
#############....#######.#
%........................#


You could see a hobgoblin.

Vanquished Creatures
  A giant gecko (D:1)
  2 oozes (D:1)
  A giant cockroach (D:1)
  2 hobgoblins (D:1)
  3 kobolds (D:1)
  2 bats (D:1)
  A giant newt (D:1)
  3 goblins (D:1)
  4 rats (D:1)
19 creatures vanquished.

Notes
Turn   | Place    | Note
--------------------------------------------------------------
     0 | D:1      | Morbidden, the Draconian Skald, began the quest for the Orb.
     0 | D:1      | Reached XP level 1. HP: 16/16 MP: 3/3
   158 | D:1      | Reached XP level 2. HP: 23/23 MP: 0/5
   447 | D:1      | Reached skill level 3 in Charms
   703 | D:1      | HP: 1/23 [hobgoblin/short sword (3)]
   777 | D:1      | Slain by a hobgoblin

Action                   || total
-------------------------++-------
Melee: Spear             ||    79
Throw: Dart              ||    18
       Javelin           ||     2
 Cast: Infusion          ||     5
